AoeStats
← James Bondski

Black Forest

509285640Analyzed
3v3 RM · 5d ago on Sep 26, 2026· 62m 41s· 6 players
Game mode
Random Map
Map size
Normal (6 player)
Population
200
Speed
Normal
Resources
Standard
Victory
Conquest
Starting age
Dark Age
Ending age
Imperial Age
RankedLock teamsTeams togetherTeam positionsShared explorationLock speedFull tech treeHidden civsTurbo modeCheats
Victory
Defeat
🇨🇦 Saracens · Canada
991
+14
🇨🇦 Khmer · Canada
990
+14
🇨🇦 Britons · Canada
959
+16
🇲🇽 Persians · Mexico
980
-16
🇩🇪 Aztecs · Germany
969
-15
🇲🇽 Teutons · Mexico
911
-13
Hoodie Melo
0:32 Loom
11:40 Feudal Age
16:18 Castle Age
15:35 Double-Bit Axe
16:28 Fletching
20:25 Wheelbarrow
21:00 Horse Collar
22:04 Bow Saw
23:46 Bodkin Arrow
27:52 Heavy Plow
28:05 Atlatl
28:53 Stone Mining
28:59 Gold Mining
31:00 Ballistics
32:46 Hand Cart
35:11 Imperial Age
32:46 Town Watch
32:41 Elite Skirmisher
34:39 Padded Archer Armor
34:40 Scale Mail Armor
34:50 Forging
38:09 Eagle Warrior
41:18 Bracer
41:34 Leather Archer Armor
41:46 Leather Archer Armor
42:35 Chemistry
43:19 Gold Shaft Mining
55:50 Chain Mail Armor
James Bondski
0:32 Loom
16:40 Feudal Age
21:23 Castle Age
19:41 Man-at-Arms
20:08 Arson
22:06 Long Swordsman
23:31 Scale Mail Armor
23:41 Forging
24:08 Stone Mining
24:02 Horse Collar
24:13 Double-Bit Axe
29:36 Chain Mail Armor
29:57 Iron Casting
31:21 Wheelbarrow
30:32 Town Watch
33:00 Fletching
33:10 Padded Archer Armor
36:09 Imperial Age
34:51 Sanctity
36:23 Ballistics
36:14 Fortified Wall
36:38 Scale Barding Armor
36:29 Bodkin Arrow
36:49 Leather Archer Armor
36:32 Cavalier
38:17 Blast Furnace
39:33 Chemistry
39:47 Chain Barding Armor
41:29 Bloodlines
43:30 Conscription
43:33 Crenellations
45:47 Plate Barding Armor
49:01 Elite Skirmisher
53:18 Paladin
60:06 Leather Archer Armor
60:04 Squires
59:38 Pikeman
Parpastoplo
0:28 Loom
13:38 Feudal Age
18:32 Castle Age
19:11 Double-Bit Axe
19:09 Horse Collar
23:12 Bow Saw
24:23 Heavy Plow
26:12 Wheelbarrow
28:25 Scale Barding Armor
28:56 Bloodlines
30:22 Chain Barding Armor
30:07 Husbandry
31:49 Hand Cart
35:25 Imperial Age
33:30 Forging
34:22 Gold Mining
34:23 Stone Mining
35:11 Iron Casting
36:11 Conscription
36:53 Two-Man Saw
36:34 Crop Rotation
38:26 Plate Barding Armor
40:46 Blast Furnace
40:15 Masonry
40:32 Ballistics
43:22 Architecture
43:30 Hoardings
48:02 Light Cavalry
49:35 Crossbowman
50:20 Thumb Ring
49:46 Elite Skirmisher
51:10 Citadels
52:45 Kamandaran
53:40 Fletching
53:51 Padded Archer Armor
Frost8
11:00 Feudal Age
11:37 Loom
15:37 Castle Age
13:50 Double-Bit Axe
16:01 Fletching
18:46 Bow Saw
20:54 Horse Collar
27:37 Bodkin Arrow
30:41 Imperial Age
28:36 Crossbowman
30:00 Thumb Ring
30:39 Ballistics
31:36 Bracer
31:03 Arbalester
33:28 Two-Man Saw
32:30 Heavy Plow
34:09 Chemistry
34:00 Padded Archer Armor
36:13 Bloodlines
36:03 Husbandry
35:24 Light Cavalry
36:55 Leather Archer Armor
36:48 Scale Barding Armor
38:29 Ring Archer Armor
38:03 Hussar
39:41 Chain Barding Armor
40:47 Conscription
40:51 Forging
41:17 Plate Barding Armor
42:12 Iron Casting
42:39 Caravan
42:47 Heavy Cavalry Archer
45:30 Blast Furnace
45:09 Parthian Tactics
44:51 Heavy Camel Rider
52:08 Bimaristan
52:01 Gold Mining
54:42 Hoardings
54:21 Masonry
54:17 Siege Engineers
54:25 Masonry
59:13 Counterweights
59:06 Murder Holes
58:50 Man-at-Arms
59:58 Redemption
61:29 Long Swordsman
61:29 Pikeman
61:55 Gambesons
62:10 Squires
61:56 Arson
62:34 Sanctity
62:14 Devotion
RadiantRobyn
2:33 Loom
13:01 Feudal Age
17:40 Horse Collar
17:51 Double-Bit Axe
18:00 Gold Mining
20:32 Stone Mining
25:41 Wheelbarrow
29:01 Castle Age
27:23 Arson
28:58 Man-at-Arms
29:59 Pikeman
34:10 Imperial Age
33:28 Stone Shaft Mining
33:28 Gold Shaft Mining
32:57 Heavy Plow
34:05 Tusk Swords
37:44 Bow Saw
40:29 Double Crossbow
39:59 Sappers
40:44 Bloodlines
41:09 Halberdier
44:22 Husbandry
43:42 Light Cavalry
48:45 Heavy Scorpion
50:45 Hoardings
51:45 Caravan
52:15 Coinage
53:25 Scale Barding Armor
53:20 Scale Mail Armor
53:21 Padded Archer Armor
53:12 Fletching
53:32 Forging
55:29 Conscription
57:16 Banking
57:04 Chain Mail Armor
61:26 Leather Archer Armor
62:39 Chain Barding Armor
62:50 Ring Archer Armor
63:10 Hand Cart
62:41 Town Watch
63:01 Bodkin Arrow
63:41 Iron Casting
Nikahn
5:35 Loom
10:42 Feudal Age
12:40 Double-Bit Axe
14:40 Horse Collar
18:32 Castle Age
17:33 Gold Mining
19:27 Fletching
20:08 Bodkin Arrow
25:14 Fervor
25:53 Wheelbarrow
26:31 Padded Archer Armor
26:23 Pikeman
26:26 Man-at-Arms
28:17 Long Swordsman
28:24 Pikeman
34:00 Imperial Age
31:46 Forging
31:36 Scale Mail Armor
32:03 Bow Saw
32:46 Hand Cart
35:31 Yeomen
34:37 Elite Longbowman
37:15 Conscription
37:57 Ballistics
38:37 Chemistry
37:39 Bracer
37:54 Leather Archer Armor
38:16 Iron Casting
37:13 Halberdier
41:33 Warwolf
42:09 Siege Engineers
43:33 Squires
47:49 Caravan
49:16 Town Watch
49:13 Treadmill Crane
49:44 Masonry
49:20 Arrowslits
50:07 Ring Archer Armor
50:38 Blast Furnace
49:53 Chain Mail Armor
54:08 Guilds
54:28 Coinage
59:12 Banking
59:23 Town Patrol
59:45 Sanctity
59:25 Devotion
59:50 Illumination
59:40 Block Printing
60:01 Theocracy
59:21 Herbal Medicine
59:26 Murder Holes
59:21 Guard Tower
59:42 Fortified Wall
59:22 Heated Shot
60:03 Architecture
59:44 Careening
59:44 Clinker Construction
59:54 Shipwright
59:40 Siphons
59:39 Heavy Plow
59:35 Arson
59:35 Gambesons
59:11 Long Swordsman
60:29 Plate Mail Armor
60:04 Scale Barding Armor
61:04 Two-Man Saw
60:45 Gold Shaft Mining
60:02 Stone Mining
62:16 Faith
62:18 Chain Barding Armor
62:35 Keep
61:39 Sappers
62:45 Hoardings
Connection lost

Rejoining the realm…

Still unreachable

The connection could not be restored.

Session expired

The server has moved on; the page needs a fresh start.